[ AOE2 MATCH · #461900397 ]
UnrankedCelts vs Franks
[ REPLAY ANALYSIS · EXTRACTED FROM THE RECORDED GAME ]
Feudal
11:16
Castle
14:52
Imperial
30:42
| APM avg | 34.2 |
| APM peak | 80 |
| eAPM avg | 18.7 |
| Villagers / military | 151 / 620 |
Focus
⚔️ 51.0% · 🌾 49.0%
Spearman ×528 · Woad Raider ×42 · Battering Ram ×26 · Mangonel ×21 · Trebuchet (Packed) ×3
Feudal
—
Castle
—
Imperial
—
| APM avg | 20.4 |
| APM peak | 66 |
| eAPM avg | 12.3 |
| Villagers / military | 235 / 355 |
Focus
⚔️ 42.5% · 🌾 57.5%
Knight ×136 · Skirmisher ×126 · Spearman ×81 · Trade Cart ×8 · Trebuchet (Packed) ×7 · Monk ×4
Feudal
13:41
Castle
20:43
Imperial
43:31
| APM avg | 15.9 |
| APM peak | 38 |
| eAPM avg | 11.8 |
| Villagers / military | 164 / 443 |
Focus
⚔️ 29.5% · 🌾 70.5%
Skirmisher ×235 · Knight ×96 · Conquistador ×94 · Spearman ×10 · Bombard Cannon ×5 · Battering Ram ×2
Feudal
12:02
Castle
16:29
Imperial
31:23
| APM avg | 38.2 |
| APM peak | 106 |
| eAPM avg | 18.9 |
| Villagers / military | 132 / 350 |
Focus
⚔️ 46.3% · 🌾 53.7%
Archer ×167 · Knight ×151 · Scout Cavalry ×22 · Trebuchet (Packed) ×8 · Monk ×2
Feudal
—
Castle
—
Imperial
—
| APM avg | 25.4 |
| APM peak | 81 |
| eAPM avg | 19.2 |
| Villagers / military | 111 / 547 |
Focus
⚔️ 58.7% · 🌾 41.3%
Spearman ×327 · Longbowman ×200 · Trebuchet (Packed) ×20 · Trade Cart ×5
Feudal
12:13
Castle
20:25
Imperial
34:42
| APM avg | 13.0 |
| APM peak | 35 |
| eAPM avg | 6.6 |
| Villagers / military | 92 / 51 |
Focus
⚔️ 23.7% · 🌾 76.3%
Knight ×33 · Throwing Axeman ×7 · Militia ×3 · Spearman ×3 · Trebuchet (Packed) ×2 · Monk ×1
Match map
Initial resources + every placement click. Lines = walls · curves = elevation contours. ◆ gold · ⬟ stone · ● berries · ✦ relic · ◌ wall gap
Your base· ✓ Closed at 14:52 · 0t walls · 3 gate(s)
solmanfu's base· ✓ Closed at 12:40 · 0t walls · 2 gate(s)
kEstrElolol's base· ✓ Closed at 20:43 · 39t walls · 3 gate(s)
#14's base· ✓ Closed at 16:29 · 0t walls · 3 gate(s)
TABrasta's base· ✓ Closed at 11:26 · 0t walls · 3 gate(s)
Gh0$t^J&B^'s base· ✓ Closed at 20:25 · 0t walls · 2 gate(s)
Smoothed initial terrain · ◌ = detected wall gap · hover for details
Inputs per minute
— Fuhloh - - solmanfu
Build order — Fuhloh
First 150 of 707 actions detected
| 0:01 | Create | Villager (Male) |
| 0:01 | Create | Villager (Male) |
| 0:01 | Create | Villager (Male) |
| 0:03 | Build | House |
| 0:04 | Build | House |
| 0:36 | Create | Villager (Male) |
| 0:37 | Create | Villager (Male) |
| 1:32 | Create | Villager (Male) |
| 1:49 | Build | Lumber Camp |
| 1:58 | Create | Villager (Male) |
| 2:32 | Create | Villager (Male) |
| 2:55 | Create | Villager (Male) |
| 2:56 | Create | Villager (Male) |
| 3:11 | Create | Villager (Male) |
| 3:32 | Build | House |
| 3:43 | Create | Villager (Male) |
| 4:09 | Build | Mill |
| 4:13 | Create | Villager (Male) |
| 4:14 | Create | Villager (Male) |
| 4:32 | Create | Villager (Male) |
| 4:32 | Create | Villager (Male) |
| 4:58 | Create | Villager (Male) |
| 4:58 | Create | Villager (Male) |
| 5:14 | Create | Villager (Male) |
| 5:53 | Create | Villager (Male) |
| 5:53 | Create | Villager (Male) |
| 6:01 | Build | Mill |
| 6:08 | Create | Villager (Male) |
| 6:47 | Build | House |
| 6:56 | Research | Loom |
| 7:03 | Create | Villager (Male) |
| 7:26 | Build | Farm |
| 7:27 | Build | Farm |
| 7:51 | Create | Villager (Male) |
| 7:52 | Create | Villager (Male) |
| 7:55 | Create | Villager (Male) |
| 8:40 | Research | Feudal Age |
| 8:46 | Build | Mining Camp |
| 8:58 | Build | Farm |
| 9:33 | Build | House |
| 9:40 | Create | Villager (Male) |
| 9:40 | Create | Villager (Male) |
| 11:16 | Age | Feudal Age |
| 11:18 | Build | Blacksmith |
| 11:27 | Build | Market |
| 12:06 | Research | Double-Bit Axe |
| 12:12 | Research | Castle Age |
| 12:35 | Research | Horse Collar |
| 14:42 | Create | Villager (Male) |
| 14:42 | Create | Villager (Male) |
| 14:52 | Age | Castle Age |
| 14:57 | Build | Town Center |
| 15:05 | Build | Town Center |
| 15:16 | Build | Town Center |
| 15:18 | Create | Villager (Male) |
| 15:18 | Create | Villager (Male) |
| 15:18 | Create | Villager (Male) |
| 15:21 | Research | Bow Saw |
| 15:34 | Research | Heavy Plow |
| 15:57 | Create | Villager (Male) |
| 15:57 | Create | Villager (Male) |
| 16:11 | Research | Wheelbarrow |
| 16:30 | Create | Villager (Male) |
| 16:30 | Create | Villager (Male) |
| 16:30 | Create | Villager (Male) |
| 16:45 | Build | Farm |
| 16:51 | Build | Farm |
| 16:53 | Build | Farm |
| 16:56 | Build | Farm |
| 16:57 | Build | Farm |
| 16:57 | Build | Farm |
| 17:03 | Create | Villager (Male) |
| 17:03 | Create | Villager (Male) |
| 17:12 | Create | Villager (Male) |
| 17:12 | Create | Villager (Male) |
| 17:17 | Build | Farm |
| 17:18 | Build | Farm |
| 17:21 | Build | Farm |
| 17:23 | Build | Farm |
| 17:30 | Build | Farm |
| 17:41 | Build | Farm |
| 17:43 | Create | Villager (Male) |
| 17:43 | Create | Villager (Male) |
| 18:03 | Build | Farm |
| 18:05 | Build | Farm |
| 18:05 | Build | Farm |
| 18:09 | Create | Villager (Male) |
| 18:14 | Build | House |
| 18:14 | Build | House |
| 18:17 | Create | Villager (Male) |
| 18:36 | Build | Farm |
| 18:41 | Build | Farm |
| 18:43 | Create | Villager (Male) |
| 18:43 | Create | Villager (Male) |
| 18:43 | Create | Villager (Male) |
| 18:51 | Build | House |
| 18:52 | Build | House |
| 18:56 | Create | Villager (Male) |
| 18:56 | Create | Villager (Male) |
| 19:10 | Create | Villager (Male) |
| 19:10 | Create | Villager (Male) |
| 19:11 | Create | Villager (Male) |
| 19:14 | Build | Farm |
| 19:16 | Build | Farm |
| 19:20 | Create | Villager (Male) |
| 19:21 | Create | Villager (Male) |
| 19:23 | Build | House |
| 19:42 | Create | Villager (Male) |
| 19:42 | Create | Villager (Male) |
| 19:43 | Create | Villager (Male) |
| 19:43 | Create | Villager (Male) |
| 19:52 | Create | Villager (Male) |
| 19:52 | Create | Villager (Male) |
| 20:01 | Build | Barracks |
| 20:05 | Create | Villager (Male) |
| 20:05 | Create | Villager (Male) |
| 20:05 | Create | Villager (Male) |
| 20:15 | Build | House |
| 20:15 | Build | House |
| 20:17 | Build | House |
| 20:24 | Build | Farm |
| 20:25 | Build | Farm |
| 20:32 | Build | Farm |
| 20:34 | Create | Villager (Male) |
| 20:34 | Create | Villager (Male) |
| 20:34 | Create | Villager (Male) |
| 20:34 | Create | Villager (Male) |
| 20:46 | Create | Villager (Male) |
| 20:46 | Create | Villager (Male) |
| 20:46 | Create | Villager (Male) |
| 20:58 | Research | Town Watch |
| 21:01 | Create | Spearman |
| 21:04 | Create | Spearman |
| 21:17 | Build | Town Center |
| 21:19 | Create | Villager (Male) |
| 21:19 | Create | Villager (Male) |
| 21:20 | Create | Villager (Male) |
| 21:20 | Create | Villager (Male) |
| 21:35 | Create | Villager (Male) |
| 21:35 | Create | Villager (Male) |
| 21:38 | Build | House |
| 21:39 | Build | House |
| 21:55 | Create | Villager (Male) |
| 21:55 | Create | Villager (Male) |
| 22:02 | Build | Barracks |
| 22:06 | Create | Villager (Male) |
| 22:06 | Create | Villager (Male) |
| 22:06 | Create | Villager (Male) |
| 22:15 | Create | Villager (Male) |
| 22:15 | Create | Villager (Male) |
Build order — solmanfu
First 150 of 497 actions detected
| 0:02 | Create | Villager (Male) |
| 0:02 | Create | Villager (Male) |
| 0:02 | Create | Villager (Male) |
| 0:02 | Create | Villager (Male) |
| 0:03 | Create | Villager (Male) |
| 0:05 | Build | House |
| 0:08 | Build | House |
| 1:31 | Create | Villager (Male) |
| 1:57 | Create | Villager (Male) |
| 2:33 | Create | Villager (Male) |
| 2:33 | Create | Villager (Male) |
| 2:33 | Create | Villager (Male) |
| 2:37 | Build | House |
| 3:16 | Build | Lumber Camp |
| 3:18 | Create | Villager (Male) |
| 3:18 | Create | Villager (Male) |
| 3:46 | Create | Villager (Male) |
| 3:46 | Create | Villager (Male) |
| 5:05 | Create | Villager (Male) |
| 5:05 | Create | Villager (Male) |
| 5:06 | Create | Villager (Male) |
| 5:06 | Create | Villager (Male) |
| 5:06 | Create | Villager (Male) |
| 5:50 | Build | House |
| 5:51 | Build | House |
| 5:56 | Create | Villager (Male) |
| 6:22 | Create | Villager (Male) |
| 6:22 | Create | Villager (Male) |
| 6:42 | Build | Mill |
| 7:24 | Create | Villager (Male) |
| 7:43 | Create | Villager (Male) |
| 7:54 | Build | Mill |
| 8:02 | Build | Mining Camp |
| 8:26 | Research | Feudal Age |
| 9:41 | Create | Villager (Male) |
| 9:41 | Create | Villager (Male) |
| 9:41 | Create | Villager (Male) |
| 10:39 | Build | Market |
| 11:32 | Build | Blacksmith |
| 11:40 | Build | Farm |
| 12:40 | Research | Castle Age |
| 12:58 | Research | Double-Bit Axe |
| 13:30 | Build | Lumber Camp |
| 13:47 | Build | Farm |
| 13:48 | Build | Farm |
| 13:56 | Build | Farm |
| 14:02 | Build | Farm |
| 15:11 | Build | Barracks |
| 15:19 | Create | Villager (Male) |
| 15:19 | Create | Villager (Male) |
| 15:19 | Create | Villager (Male) |
| 15:41 | Research | Bow Saw |
| 15:44 | Create | Villager (Male) |
| 15:44 | Create | Villager (Male) |
| 15:59 | Build | Archery Range |
| 16:03 | Build | Stable |
| 16:05 | Create | Villager (Male) |
| 16:40 | Build | Town Center |
| 17:02 | Build | Monastery |
| 17:10 | Create | Villager (Male) |
| 17:25 | Create | Skirmisher |
| 17:25 | Create | Skirmisher |
| 17:25 | Create | Skirmisher |
| 17:32 | Build | House |
| 17:34 | Build | House |
| 17:35 | Build | House |
| 18:19 | Create | Knight |
| 18:19 | Create | Knight |
| 18:27 | Research | Fletching |
| 18:37 | Build | Farm |
| 18:40 | Create | Monk |
| 18:49 | Build | Archery Range |
| 19:28 | Create | Villager (Male) |
| 19:28 | Create | Villager (Male) |
| 19:29 | Create | Villager (Male) |
| 19:34 | Build | Farm |
| 19:34 | Build | Farm |
| 19:49 | Build | Farm |
| 19:51 | Create | Villager (Male) |
| 19:52 | Create | Villager (Male) |
| 20:18 | Build | Town Center |
| 20:20 | Create | Villager (Male) |
| 20:28 | Build | Farm |
| 20:28 | Build | Farm |
| 20:30 | Create | Villager (Male) |
| 20:31 | Create | Villager (Male) |
| 20:52 | Build | Farm |
| 20:54 | Create | Villager (Male) ×2 |
| 20:55 | Create | Villager (Male) ×2 |
| 21:31 | Build | Farm |
| 21:31 | Build | Farm |
| 21:34 | Create | Villager (Male) ×3 |
| 21:34 | Create | Villager (Male) ×3 |
| 22:16 | Build | Farm |
| 22:16 | Build | Farm |
| 22:18 | Create | Villager (Male) ×4 |
| 22:18 | Create | Villager (Male) ×4 |
| 22:18 | Create | Villager (Male) |
| 22:19 | Create | Villager (Male) |
| 23:00 | Build | Farm |
| 23:00 | Build | Farm |
| 23:01 | Build | Farm |
| 23:01 | Build | Farm |
| 23:01 | Build | Farm |
| 23:02 | Build | Farm |
| 23:03 | Create | Villager (Male) ×4 |
| 23:03 | Create | Villager (Male) ×4 |
| 23:13 | Build | House |
| 23:13 | Build | House |
| 23:14 | Build | House |
| 23:14 | Build | House |
| 23:14 | Build | House |
| 23:15 | Build | House |
| 23:15 | Build | House |
| 23:15 | Build | House |
| 23:15 | Build | House |
| 23:16 | Build | House |
| 23:16 | Build | House |
| 23:25 | Create | Monk |
| 23:33 | Research | Loom |
| 23:34 | Research | Wheelbarrow |
| 23:36 | Research | Town Watch |
| 23:37 | Create | Villager (Male) |
| 23:37 | Create | Villager (Male) |
| 23:40 | Create | Villager (Male) |
| 23:40 | Create | Villager (Male) |
| 24:01 | Build | Farm |
| 24:07 | Create | Villager (Male) ×3 |
| 24:08 | Create | Villager (Male) ×3 |
| 24:15 | Create | Villager (Male) |
| 24:59 | Build | Town Center |
| 25:15 | Build | House |
| 25:15 | Build | House |
| 25:15 | Build | House |
| 25:16 | Build | House |
| 25:16 | Build | House |
| 25:18 | Build | House |
| 25:19 | Build | House |
| 25:19 | Build | House |
| 25:19 | Build | House |
| 25:19 | Build | House |
| 25:20 | Build | House |
| 25:20 | Build | House |
| 25:21 | Build | House |
| 25:21 | Build | House |
| 25:35 | Build | Farm |
| 25:35 | Build | Farm |
| 25:38 | Create | Villager (Male) |
| 25:39 | Create | Villager (Male) |
| 25:39 | Create | Villager (Male) |
Build order — kEstrElolol
First 150 of 456 actions detected
| 0:34 | Build | House |
| 0:36 | Build | House |
| 0:38 | Build | House |
| 0:44 | Research | Loom |
| 0:45 | Create | Villager (Male) ×4 |
| 1:08 | Build | Mining Camp |
| 1:12 | Build | House |
| 2:56 | Create | Villager (Male) |
| 3:47 | Create | Villager (Male) |
| 4:19 | Create | Villager (Male) |
| 4:55 | Create | Villager (Male) |
| 5:28 | Build | Mining Camp |
| 5:52 | Create | Villager (Male) |
| 5:52 | Create | Villager (Male) |
| 6:09 | Build | Lumber Camp |
| 6:39 | Create | Villager (Male) |
| 6:39 | Create | Villager (Male) |
| 7:02 | Create | Villager (Male) |
| 7:48 | Create | Villager (Male) |
| 7:49 | Create | Villager (Male) |
| 9:59 | Create | Villager (Male) |
| 11:31 | Research | Feudal Age |
| 11:56 | Build | Mill |
| 13:41 | Age | Feudal Age |
| 14:08 | Create | Villager (Male) |
| 14:47 | Build | Blacksmith |
| 16:08 | Build | Market |
| 17:03 | Build | House |
| 17:54 | Build | Stone Wall |
| 18:03 | Research | Castle Age |
| 18:10 | Build | Mill |
| 18:42 | Build | Stone Wall |
| 20:31 | Create | Villager (Male) |
| 20:32 | Create | Villager (Male) |
| 20:34 | Create | Villager (Male) |
| 20:43 | Age | Castle Age |
| 20:46 | Build | Town Center |
| 20:55 | Create | Villager (Male) |
| 20:55 | Create | Villager (Male) |
| 20:55 | Create | Villager (Male) |
| 21:03 | Build | Town Center |
| 21:09 | Build | Town Center |
| 21:17 | Build | Mill |
| 21:21 | Create | Villager (Male) |
| 22:20 | Build | Stone Wall |
| 22:31 | Create | Villager (Male) |
| 22:32 | Create | Villager (Male) |
| 23:34 | Build | Stone Wall |
| 23:39 | Create | Villager (Male) ×4 |
| 24:30 | Create | Villager (Male) |
| 25:04 | Build | Stone Wall |
| 25:19 | Create | Villager (Male) |
| 25:22 | Create | Villager (Male) |
| 25:25 | Create | Villager (Male) |
| 25:29 | Create | Villager (Male) |
| 25:29 | Create | Villager (Male) |
| 25:35 | Create | Villager (Male) |
| 25:35 | Create | Villager (Male) |
| 25:35 | Create | Villager (Male) |
| 25:44 | Create | Villager (Male) |
| 25:58 | Build | Mill |
| 26:03 | Create | Villager (Male) |
| 26:08 | Create | Villager (Male) |
| 26:35 | Build | Gate |
| 26:42 | Build | Stone Wall |
| 26:54 | Create | Villager (Male) |
| 27:08 | Build | Barracks |
| 27:15 | Create | Villager (Male) |
| 27:34 | Create | Villager (Male) |
| 27:35 | Create | Villager (Male) |
| 27:45 | Build | Siege Workshop |
| 27:58 | Research | Pikeman (upgrade) |
| 28:28 | Create | Villager (Male) |
| 28:35 | Build | House |
| 28:47 | Create | Villager (Male) |
| 28:55 | Create | Spearman |
| 28:55 | Create | Spearman |
| 28:55 | Create | Spearman |
| 29:08 | Create | Villager (Male) |
| 29:29 | Build | Stone Wall |
| 29:34 | Create | Spearman |
| 29:34 | Create | Spearman |
| 29:37 | Create | Mangonel |
| 29:45 | Build | House |
| 29:53 | Create | Villager (Male) |
| 29:53 | Create | Villager (Male) |
| 29:59 | Create | Villager (Male) |
| 29:59 | Create | Villager (Male) |
| 30:02 | Create | Villager (Male) |
| 30:02 | Create | Villager (Male) |
| 30:13 | Build | Mill |
| 30:17 | Build | Farm |
| 30:17 | Build | Farm |
| 30:18 | Build | Farm |
| 30:19 | Build | Farm |
| 30:20 | Build | Farm |
| 30:21 | Build | Farm |
| 30:23 | Build | Farm |
| 30:23 | Build | Farm |
| 30:27 | Create | Villager (Male) ×2 |
| 30:38 | Build | House |
| 30:55 | Build | Farm |
| 30:56 | Build | Farm |
| 30:57 | Build | Farm |
| 30:58 | Build | Farm |
| 30:59 | Build | Farm |
| 31:01 | Build | Farm |
| 31:02 | Build | Farm |
| 31:03 | Build | Farm |
| 31:05 | Build | Farm |
| 31:23 | Build | Farm |
| 31:55 | Build | Farm |
| 31:57 | Build | Farm |
| 32:01 | Create | Villager (Male) |
| 32:06 | Build | House |
| 32:29 | Research | Wheelbarrow |
| 32:32 | Research | Horse Collar |
| 32:43 | Build | House |
| 32:45 | Build | House |
| 32:46 | Build | House |
| 32:50 | Create | Villager (Male) ×3 |
| 32:58 | Build | Farm |
| 32:59 | Build | Farm |
| 33:00 | Build | Farm |
| 33:06 | Create | Villager (Male) |
| 33:07 | Create | Villager (Male) |
| 33:14 | Research | Double-Bit Axe |
| 33:42 | Create | Villager (Male) |
| 33:42 | Create | Villager (Male) |
| 33:42 | Create | Villager (Male) |
| 33:49 | Build | Mill |
| 33:52 | Build | Farm |
| 33:52 | Build | Farm |
| 34:03 | Create | Villager (Male) |
| 34:03 | Create | Villager (Male) |
| 34:14 | Build | Castle |
| 34:19 | Create | Villager (Male) |
| 34:27 | Build | Stone Wall |
| 34:32 | Build | Stone Wall |
| 34:54 | Build | Farm |
| 35:19 | Research | Hand Cart |
| 35:22 | Create | Villager (Male) ×5 |
| 35:39 | Create | Villager (Male) ×4 |
| 35:45 | Create | Villager (Male) |
| 35:48 | Create | Villager (Male) |
| 35:55 | Build | Farm |
| 35:56 | Build | Farm |
| 35:58 | Build | Farm |
| 35:59 | Build | Farm |
| 36:00 | Build | Farm |
Build order — #14
First 150 of 666 actions detected
| 0:02 | Create | Villager (Male) |
| 0:02 | Create | Villager (Male) |
| 0:04 | Build | House |
| 0:04 | Create | Villager (Male) |
| 0:05 | Create | Villager (Male) |
| 0:06 | Build | House |
| 1:39 | Create | Villager (Male) |
| 1:39 | Create | Villager (Male) |
| 1:50 | Build | Lumber Camp |
| 2:04 | Create | Villager (Male) |
| 2:04 | Create | Villager (Male) |
| 2:36 | Create | Villager (Male) |
| 2:36 | Create | Villager (Male) |
| 3:03 | Create | Villager (Male) |
| 3:03 | Create | Villager (Male) |
| 3:14 | Create | Villager (Male) |
| 3:39 | Build | House |
| 3:41 | Build | House |
| 3:48 | Create | Villager (Male) |
| 3:48 | Create | Villager (Male) |
| 4:10 | Build | Mill |
| 4:32 | Create | Villager (Male) |
| 4:32 | Create | Villager (Male) |
| 4:53 | Create | Villager (Male) |
| 4:53 | Create | Villager (Male) |
| 5:17 | Create | Villager (Male) |
| 5:17 | Create | Villager (Male) |
| 5:17 | Create | Villager (Male) |
| 5:36 | Create | Villager (Male) |
| 6:06 | Create | Villager (Male) |
| 6:06 | Create | Villager (Male) |
| 6:29 | Create | Villager (Male) |
| 6:50 | Create | Villager (Male) |
| 7:07 | Research | Loom |
| 7:33 | Create | Villager (Male) |
| 7:53 | Create | Villager (Male) |
| 8:24 | Create | Villager (Male) |
| 8:36 | Create | Villager (Male) |
| 9:15 | Build | House |
| 9:23 | Build | Mining Camp |
| 9:25 | Create | Villager (Male) |
| 9:52 | Research | Feudal Age |
| 10:36 | Create | Villager (Male) |
| 10:36 | Create | Villager (Male) |
| 10:37 | Create | Villager (Male) |
| 12:02 | Age | Feudal Age |
| 12:16 | Build | Market |
| 12:19 | Build | Blacksmith |
| 12:39 | Build | Farm |
| 12:41 | Build | Farm |
| 12:51 | Build | Farm |
| 12:52 | Build | Farm |
| 12:58 | Build | Farm |
| 13:09 | Build | Farm |
| 13:30 | Build | Barracks |
| 13:48 | Create | Villager (Male) |
| 13:48 | Research | Castle Age |
| 13:48 | Research | Castle Age |
| 14:14 | Research | Double-Bit Axe |
| 14:16 | Research | Horse Collar |
| 14:38 | Build | Stable |
| 14:41 | Research | Horse Collar |
| 14:42 | Research | Horse Collar |
| 15:04 | Build | House |
| 15:42 | Build | House |
| 15:56 | Create | Villager (Male) |
| 16:29 | Age | Castle Age |
| 16:32 | Build | Town Center |
| 16:37 | Build | House |
| 16:38 | Create | Knight |
| 16:43 | Create | Villager (Male) |
| 16:47 | Build | Town Center |
| 16:51 | Research | Bow Saw |
| 17:01 | Build | House |
| 17:16 | Research | Bloodlines |
| 17:16 | Research | Bloodlines |
| 17:26 | Create | Villager (Male) |
| 17:30 | Build | Farm |
| 17:36 | Build | House |
| 17:49 | Create | Villager (Male) |
| 17:51 | Create | Villager (Male) |
| 18:09 | Create | Knight |
| 18:16 | Create | Villager (Male) |
| 18:18 | Create | Villager (Male) |
| 18:19 | Create | Villager (Male) |
| 18:29 | Build | House |
| 18:39 | Build | Farm |
| 18:41 | Build | Farm |
| 18:45 | Build | Farm |
| 18:47 | Create | Villager (Male) |
| 18:47 | Create | Villager (Male) |
| 18:49 | Create | Villager (Male) |
| 18:51 | Create | Knight |
| 19:05 | Build | House |
| 19:11 | Build | Monastery |
| 19:15 | Create | Villager (Male) |
| 19:22 | Create | Villager (Male) |
| 19:31 | Build | Farm |
| 19:32 | Build | Farm |
| 19:33 | Build | Farm |
| 19:35 | Build | Farm |
| 19:41 | Build | Farm |
| 19:42 | Create | Villager (Male) |
| 19:44 | Create | Villager (Male) |
| 19:45 | Research | Loom |
| 20:04 | Create | Villager (Male) |
| 20:04 | Create | Villager (Male) |
| 20:06 | Create | Villager (Male) |
| 20:08 | Build | House |
| 20:09 | Build | House |
| 20:14 | Create | Monk |
| 20:37 | Create | Villager (Male) |
| 20:39 | Create | Villager (Male) |
| 20:50 | Build | Farm |
| 20:51 | Build | Farm |
| 20:53 | Build | Farm |
| 20:54 | Build | Farm |
| 20:57 | Build | Farm |
| 21:04 | Create | Villager (Male) |
| 21:04 | Create | Villager (Male) |
| 21:06 | Create | Villager (Male) |
| 21:08 | Build | House |
| 21:09 | Build | House |
| 21:20 | Build | Farm |
| 21:27 | Build | Farm |
| 21:30 | Build | Farm |
| 21:35 | Create | Villager (Male) |
| 21:38 | Create | Villager (Male) |
| 21:38 | Create | Villager (Male) |
| 21:44 | Build | Farm |
| 21:45 | Build | Farm |
| 21:46 | Build | Farm |
| 21:56 | Create | Villager (Male) |
| 21:56 | Create | Villager (Male) |
| 22:11 | Create | Knight |
| 22:14 | Build | House |
| 22:16 | Build | House |
| 22:24 | Build | Lumber Camp |
| 22:30 | Research | Horse Collar |
| 22:32 | Create | Villager (Male) |
| 22:33 | Create | Villager (Male) |
| 22:35 | Create | Villager (Male) |
| 23:01 | Create | Villager (Male) |
| 23:01 | Create | Villager (Male) |
| 23:03 | Create | Villager (Male) |
| 23:18 | Build | House |
| 23:29 | Create | Villager (Male) |
| 23:30 | Create | Villager (Male) |
| 23:31 | Create | Villager (Male) |
| 23:37 | Build | Farm |
Build order — TABrasta
First 150 of 812 actions detected
| 0:04 | Build | House |
| 0:05 | Create | Villager (Male) |
| 0:05 | Create | Villager (Male) |
| 0:06 | Create | Villager (Male) |
| 0:06 | Create | Villager (Male) |
| 0:06 | Create | Villager (Male) |
| 0:08 | Build | House |
| 1:25 | Create | Villager (Male) |
| 1:25 | Create | Villager (Male) |
| 1:53 | Build | Lumber Camp |
| 1:57 | Create | Villager (Male) |
| 1:57 | Create | Villager (Male) |
| 2:16 | Create | Villager (Male) |
| 2:16 | Create | Villager (Male) |
| 2:40 | Create | Villager (Male) |
| 2:40 | Create | Villager (Male) |
| 2:40 | Create | Villager (Male) |
| 3:57 | Build | Mill |
| 4:11 | Create | Villager (Male) |
| 4:25 | Build | House |
| 4:28 | Build | House |
| 4:33 | Create | Villager (Male) |
| 5:07 | Create | Villager (Male) |
| 5:08 | Create | Villager (Male) |
| 5:08 | Create | Villager (Male) |
| 5:17 | Create | Villager (Male) |
| 5:36 | Create | Villager (Male) |
| 5:37 | Create | Villager (Male) |
| 5:37 | Create | Villager (Male) |
| 5:37 | Create | Villager (Male) |
| 6:03 | Build | Mill |
| 6:06 | Create | Villager (Male) |
| 6:07 | Create | Villager (Male) |
| 6:07 | Create | Villager (Male) |
| 7:41 | Build | Mining Camp |
| 8:09 | Research | Feudal Age |
| 8:41 | Create | Villager (Male) |
| 8:41 | Create | Villager (Male) |
| 10:45 | Build | Market |
| 10:51 | Build | Blacksmith |
| 11:26 | Research | Castle Age |
| 12:16 | Build | House |
| 12:25 | Create | Villager (Male) |
| 12:25 | Create | Villager (Male) |
| 12:59 | Research | Double-Bit Axe |
| 13:01 | Research | Horse Collar |
| 14:10 | Build | Town Center |
| 14:21 | Build | Town Center |
| 14:26 | Build | Farm |
| 14:33 | Build | Farm |
| 14:44 | Research | Bow Saw |
| 14:59 | Create | Villager (Male) |
| 15:03 | Research | Heavy Plow |
| 15:19 | Build | Farm |
| 15:30 | Build | Farm |
| 15:43 | Build | Farm |
| 16:02 | Build | Farm |
| 16:08 | Build | Farm |
| 16:11 | Create | Villager (Male) |
| 16:20 | Build | Farm |
| 16:27 | Build | Farm |
| 16:34 | Create | Villager (Male) |
| 16:38 | Create | Villager (Male) |
| 16:39 | Create | Villager (Male) |
| 16:45 | Build | Farm |
| 16:52 | Build | House |
| 16:58 | Build | Farm |
| 17:00 | Create | Villager (Male) |
| 17:06 | Build | Farm |
| 17:13 | Build | Farm |
| 17:25 | Create | Villager (Male) |
| 17:26 | Create | Villager (Male) |
| 17:34 | Build | Farm |
| 17:41 | Build | Farm |
| 17:49 | Build | Farm |
| 17:53 | Build | House |
| 17:55 | Create | Villager (Male) |
| 18:04 | Create | Villager (Male) |
| 18:14 | Create | Villager (Male) |
| 18:21 | Build | Farm |
| 18:28 | Build | Farm |
| 18:41 | Create | Villager (Male) |
| 18:41 | Create | Villager (Male) |
| 18:44 | Build | House |
| 18:45 | Create | Villager (Male) |
| 18:51 | Build | Farm |
| 18:54 | Create | Villager (Male) |
| 19:02 | Create | Villager (Male) |
| 19:13 | Build | Farm |
| 19:14 | Create | Villager (Male) |
| 19:19 | Build | House |
| 19:26 | Create | Villager (Male) |
| 19:28 | Create | Villager (Male) |
| 19:39 | Build | Farm |
| 19:53 | Build | Mining Camp |
| 20:01 | Create | Villager (Male) |
| 20:01 | Create | Villager (Male) |
| 20:02 | Create | Villager (Male) |
| 20:17 | Build | Town Center |
| 20:20 | Create | Villager (Male) |
| 20:21 | Create | Villager (Male) |
| 20:21 | Create | Villager (Male) |
| 20:28 | Build | House |
| 20:30 | Build | House |
| 20:34 | Create | Villager (Male) |
| 20:34 | Create | Villager (Male) |
| 20:34 | Create | Villager (Male) |
| 20:54 | Create | Villager (Male) |
| 21:00 | Build | Farm |
| 21:00 | Build | Farm |
| 21:03 | Create | Villager (Male) |
| 21:04 | Create | Villager (Male) |
| 21:11 | Create | Villager (Male) |
| 21:11 | Create | Villager (Male) |
| 21:11 | Create | Villager (Male) |
| 21:36 | Build | House |
| 21:38 | Build | House |
| 21:51 | Create | Villager (Male) |
| 21:52 | Create | Villager (Male) |
| 21:57 | Research | Wheelbarrow |
| 22:04 | Build | Farm |
| 22:04 | Build | Farm |
| 22:05 | Build | Farm |
| 22:05 | Build | Farm |
| 22:07 | Build | Farm |
| 22:09 | Create | Villager (Male) |
| 22:32 | Create | Villager (Male) |
| 22:32 | Create | Villager (Male) |
| 22:48 | Build | Farm |
| 22:48 | Build | Farm |
| 22:48 | Build | Farm |
| 22:49 | Build | Farm |
| 22:49 | Build | Farm |
| 22:57 | Build | House |
| 22:59 | Build | House |
| 23:00 | Build | House |
| 23:01 | Create | Villager (Male) |
| 23:01 | Create | Villager (Male) |
| 23:02 | Create | Villager (Male) |
| 23:13 | Build | House |
| 23:16 | Create | Villager (Male) |
| 23:31 | Build | Farm |
| 23:32 | Build | Farm |
| 23:46 | Create | Villager (Male) |
| 23:46 | Create | Villager (Male) |
| 23:46 | Create | Villager (Male) |
| 23:46 | Create | Villager (Male) |
| 24:10 | Build | Castle |
| 24:23 | Create | Villager (Male) |
| 24:23 | Create | Villager (Male) |
Build order — Gh0$t^J&B^
First 150 of 247 actions detected
| 0:02 | Create | Villager (Male) |
| 0:02 | Create | Villager (Male) |
| 0:02 | Create | Villager (Male) |
| 0:02 | Create | Villager (Male) |
| 0:35 | Build | House |
| 0:42 | Build | House |
| 1:42 | Create | Villager (Male) |
| 1:42 | Create | Villager (Male) |
| 2:15 | Create | Villager (Male) |
| 2:56 | Create | Villager (Male) |
| 3:11 | Create | Villager (Male) |
| 3:18 | Build | House |
| 3:19 | Build | House |
| 3:29 | Create | Villager (Male) |
| 4:01 | Create | Villager (Male) |
| 4:52 | Create | Villager (Male) |
| 4:53 | Create | Villager (Male) |
| 4:53 | Create | Villager (Male) |
| 5:28 | Build | Lumber Camp |
| 5:36 | Create | Villager (Male) |
| 5:38 | Create | Villager (Male) |
| 6:16 | Create | Villager (Male) |
| 6:43 | Create | Villager (Male) |
| 6:51 | Create | Villager (Male) |
| 7:13 | Build | Mill |
| 8:09 | Create | Villager (Male) |
| 8:25 | Build | Farm |
| 8:27 | Build | Farm |
| 8:42 | Create | Villager (Male) |
| 8:54 | Build | Farm |
| 9:28 | Create | Villager (Male) |
| 9:29 | Create | Villager (Male) |
| 9:53 | Build | House |
| 9:55 | Build | House |
| 9:56 | Build | House |
| 9:59 | Build | House |
| 10:03 | Research | Feudal Age |
| 10:25 | Build | Mining Camp |
| 11:22 | Build | Barracks |
| 11:44 | Research | Loom |
| 11:45 | Create | Villager (Male) |
| 11:47 | Create | Villager (Male) |
| 11:48 | Create | Villager (Male) |
| 11:48 | Create | Villager (Male) |
| 12:13 | Age | Feudal Age |
| 12:28 | Build | Stable |
| 12:36 | Build | Stable |
| 12:48 | Create | Villager (Male) |
| 12:49 | Create | Villager (Male) |
| 13:05 | Research | Double-Bit Axe |
| 13:12 | Build | Farm |
| 13:28 | Build | Blacksmith |
| 13:33 | Build | House |
| 13:35 | Build | House |
| 13:36 | Build | House |
| 14:09 | Create | Villager (Male) |
| 14:27 | Build | Farm |
| 14:59 | Build | Farm |
| 15:40 | Create | Villager (Male) |
| 15:49 | Build | Farm |
| 16:09 | Build | Farm |
| 16:10 | Build | Farm |
| 16:26 | Build | Mining Camp |
| 17:09 | Build | Market |
| 17:38 | Build | Watch Tower |
| 17:45 | Research | Castle Age |
| 17:59 | Build | Farm |
| 18:51 | Build | Mill |
| 19:00 | Build | Farm |
| 19:03 | Research | Gold Mining |
| 19:16 | Research | Scale Barding Armor |
| 19:36 | Build | Farm |
| 19:44 | Build | Farm |
| 20:01 | Create | Spearman |
| 20:01 | Create | Spearman |
| 20:01 | Create | Spearman |
| 20:20 | Build | Farm |
| 20:25 | Age | Castle Age |
| 20:29 | Create | Villager (Male) |
| 20:29 | Create | Villager (Male) |
| 20:29 | Create | Villager (Male) |
| 20:30 | Create | Villager (Male) |
| 20:37 | Create | Knight |
| 20:37 | Create | Knight |
| 21:23 | Research | Forging |
| 21:36 | Research | Wheelbarrow |
| 21:38 | Create | Villager (Male) |
| 22:48 | Build | Monastery |
| 22:53 | Build | University |
| 23:00 | Create | Villager (Male) |
| 23:01 | Create | Villager (Male) |
| 23:01 | Create | Villager (Male) |
| 23:05 | Research | Gold Shaft Mining |
| 23:11 | Create | Knight |
| 23:12 | Create | Knight |
| 23:14 | Create | Knight |
| 23:17 | Create | Knight |
| 23:42 | Research | Bow Saw |
| 23:50 | Create | Monk |
| 25:39 | Build | Town Center |
| 25:53 | Build | House |
| 25:54 | Build | House |
| 25:57 | Build | House |
| 25:58 | Build | House |
| 26:00 | Build | House |
| 26:01 | Build | House |
| 26:02 | Build | House |
| 26:04 | Build | House |
| 26:10 | Create | Knight |
| 26:10 | Create | Knight |
| 26:12 | Research | Chain Barding Armor |
| 27:59 | Research | Iron Casting |
| 28:24 | Research | Husbandry |
| 28:32 | Create | Villager (Male) |
| 28:32 | Create | Villager (Male) |
| 28:33 | Create | Villager (Male) |
| 28:33 | Create | Villager (Male) |
| 28:33 | Create | Villager (Male) |
| 28:33 | Create | Villager (Male) |
| 28:34 | Create | Villager (Male) |
| 28:34 | Create | Villager (Male) |
| 28:34 | Create | Villager (Male) |
| 28:47 | Research | Hand Cart |
| 29:56 | Build | Castle |
| 30:18 | Build | Farm |
| 31:06 | Research | Imperial Age |
| 31:26 | Build | Mining Camp |
| 31:38 | Build | Siege Workshop |
| 32:36 | Create | Knight |
| 32:37 | Create | Knight |
| 32:37 | Create | Knight |
| 32:37 | Create | Knight |
| 32:37 | Create | Knight |
| 32:38 | Create | Knight |
| 32:38 | Create | Knight |
| 32:38 | Create | Knight |
| 32:53 | Create | Mangonel |
| 33:03 | Create | Villager (Male) |
| 33:03 | Create | Villager (Male) |
| 33:03 | Create | Villager (Male) |
| 33:04 | Create | Villager (Male) |
| 33:04 | Create | Villager (Male) |
| 33:04 | Create | Villager (Male) |
| 33:17 | Build | Farm |
| 33:18 | Build | Farm |
| 33:20 | Build | Farm |
| 33:44 | Create | Knight |
| 33:44 | Create | Knight |
| 33:44 | Create | Knight |
| 33:44 | Create | Knight |
Match timeline
| 11:16 | Fuhloh · age_up feudal |
| 11:22 | Gh0$t^J&B^ · first_building Barracks |
| 12:02 | #14 · age_up feudal |
| 12:13 | Gh0$t^J&B^ · age_up feudal |
| 12:28 | Gh0$t^J&B^ · first_building Stable |
| 13:30 | #14 · first_building Barracks |
| 13:41 | kEstrElolol · age_up feudal |
| 14:38 | #14 · first_building Stable |
| 14:43 | TABrasta · first_market_buy 100 wood |
| 14:52 | Fuhloh · age_up castle |
| 15:11 | solmanfu · first_building Barracks |
| 15:59 | solmanfu · first_building Archery Range |
| 16:03 | solmanfu · first_building Stable |
| 16:29 | #14 · age_up castle |
| 17:02 | solmanfu · first_building Monastery |
| 17:54 | kEstrElolol · wall_segment Stone Wall x19 |
| 18:42 | kEstrElolol · wall_segment Stone Wall x20 |
| 19:11 | #14 · first_building Monastery |
| 20:01 | Fuhloh · first_building Barracks |
| 20:25 | Gh0$t^J&B^ · age_up castle |
| 20:43 | kEstrElolol · age_up castle |
| 22:20 | kEstrElolol · wall_segment Stone Wall x19 |
| 22:33 | Fuhloh · first_market_buy 100 food |
| 22:48 | Gh0$t^J&B^ · first_building Monastery |
| 23:34 | kEstrElolol · wall_segment Stone Wall x16 |
| 24:10 | TABrasta · first_building Castle |
| 24:12 | solmanfu · first_market_buy 100 stone |
| 24:47 | TABrasta · first_building Barracks |
| 25:04 | kEstrElolol · wall_segment Stone Wall x12 |
| 25:10 | Fuhloh · first_building Castle |
| 26:17 | Fuhloh · first_building Siege Workshop |
| 26:42 | kEstrElolol · wall_segment Stone Wall x18 |
| 27:08 | kEstrElolol · first_building Barracks |
| 27:29 | Fuhloh · first_market_sell 100 wood |
| 27:45 | kEstrElolol · first_building Siege Workshop |
| 28:12 | #14 · first_market_sell 100 wood |
| 29:15 | TABrasta · first_market_sell 100 wood |
| 29:29 | kEstrElolol · wall_segment Stone Wall x8 |
| 29:56 | Gh0$t^J&B^ · first_building Castle |
| 30:42 | Fuhloh · age_up imperial |
| 31:23 | #14 · age_up imperial |
| 31:36 | solmanfu · first_building Castle |
| 31:38 | Gh0$t^J&B^ · first_building Siege Workshop |
| 34:14 | kEstrElolol · first_building Castle |
| 34:27 | kEstrElolol · wall_segment Stone Wall x5 |
| 34:32 | kEstrElolol · wall_segment Stone Wall x7 |
| 34:42 | Gh0$t^J&B^ · age_up imperial |
| 36:19 | kEstrElolol · wall_segment Stone Wall x29 |
| 36:27 | kEstrElolol · wall_segment Stone Wall x1 |
| 37:24 | kEstrElolol · wall_segment Stone Wall x4 |
| 37:42 | #14 · first_building Castle |
| 38:31 | #14 · first_building Archery Range |
| 38:49 | kEstrElolol · wall_segment Stone Wall x8 |
| 40:10 | kEstrElolol · wall_segment Stone Wall x6 |
| 40:54 | kEstrElolol · wall_segment Stone Wall x10 |
| 41:24 | kEstrElolol · first_building Archery Range |
| 42:08 | kEstrElolol · first_building Stable |
| 42:33 | kEstrElolol · wall_segment Stone Wall x36 |
| 42:59 | kEstrElolol · wall_segment Stone Wall x11 |
| 43:28 | kEstrElolol · wall_segment Stone Wall x13 |
| 43:31 | kEstrElolol · age_up imperial |
| 53:58 | kEstrElolol · first_market_sell 500 wood |
| 54:25 | solmanfu · first_market_sell 500 food |
| 58:17 | kEstrElolol · first_market_buy 500 stone |
| 61:35 | kEstrElolol · wall_segment Stone Wall x1 |
| 67:02 | Fuhloh · resign |
[ AI ANALYSIS · 1 CREDIT ]
What really happened in this match?
Wolo.gg analyzes every decision: build order, eco, micro, common mistakes by bracket. Personalized analysis on WhatsApp or Discord in 30 seconds.
Civ guide
Celts
Perfil
Jugador #1564